 Dungeon Crawl Stone Soup version 0.28-a0-823-gb444dcf96d (webtiles) character file.

Game seed: 1643515047867609441

22766 freelancePsychic the Fighter (level 13, -16/90 HPs)
             Began as a Djinni Ice Elementalist on Nov 10, 2021.
             Was a Priest of Hepliaklqana.
             Killed from afar by an ice statue (43 damage)
             ... with a bolt of cold
             ... in an ice cave.
             The game lasted 00:30:44 (17596 turns).

freelancePsychic the Fighter (DjIE)                Turns: 17596, Time: 00:30:44

Health: -16/90     AC:  9    Str:  5 (7)  XL:     13   Next: 30%
Gold:   1099       EV: 22    Int: 18 (21) God:    Hepliaklqana [***...] SH:  8 Dex: 22 (25)

rFire   + + .      SeeInvis .   y - staff of conjuration
rCold   x . .      Faith    .   C - +2 buckler {reflect}
rNeg    . . .      Spirit   .   u - +0 acid dragon scales
rPois   ∞          Reflect  +   (no helmet)
rElec   +          Harm     .   (no cloak)
rCorr   +          Rampage  .   E - +2 pair of gloves {Dex+3}
Will    +....                   (boots unavailable)
Stlth   ++........              (no amulet)
HPRegen 0.25/turn               c - ring "Xyirewum" {rElec EV+4 Dex+7}
MPRegen 0.00/turn               (no ring)

@: flying
A: reduced essence, sickness immunity, fire resistance 2, cold vulnerability 1,
float, innate caster, hp casting, extra vitality 1
a: Renounce Religion, Recall Ancestor, Ancestor Identity, Transference


You were in an ice cave.
You worshipped Hepliaklqana.
Hepliaklqana was most pleased with you.
You visited 3 branches of the dungeon, and saw 13 of its levels.
You also visited: Ossuary, Bailey and Ice Cave.

You collected 1099 gold pieces.

Inventory:

Hand Weapons
 e - a +0 dagger
Missiles
 d - 2 throwing nets
Armour
 a - a +1 robe
 u - +0 acid dragon scales (worn)
 C - a +2 buckler of reflection (worn)
 E - a +2 pair of gloves of dexterity (worn)
Magical Staves
 y - a staff of conjuration (weapon)
Jewellery
 c - the ring "Xyirewum" (left hand) {rElec EV+4 Dex+7}
   (You acquired it on level 5 of the Dungeon)

   [ring of evasion]

   EV:        It affects your evasion (+4).
   Dex:       It affects your dexterity (+7).
   rElec:     It insulates you from electricity.
Wands
 g - a wand of acid (9)
 n - a wand of polymorph (8)
 w - a wand of flame (70)
 x - a wand of charming (13)
 A - a wand of paralysis (9)
 D - a wand of mindburst (14)
Scrolls
 b - 2 scrolls of enchant weapon
 f - 2 scrolls of vulnerability
 q - 2 scrolls of fear
 r - a scroll of teleportation {@r4}
 t - a scroll of enchant armour
 F - a scroll of immolation
Potions
 k - 5 potions of haste {@q3}
 l - a potion of heal wounds {@q2}
 p - a potion of might
 s - 2 potions of mutation
 v - a potion of degeneration
 z - 2 potions of curing {@q1}


   Skills:
 + Level 11.8 Fighting
 + Level 11.8 Dodging
 - Level 1.5 Stealth
 - Level 4.0 Shields
 + Level 10.9 Spellcasting
 - Level 4.1 Invocations


You had 5 spell levels left.
You knew the following spells:

 Your Spells              Type           Power      Damage    Failure   Level
a - Scorch                Fire           98%        2d10      1%          2
b - Frozen Ramparts       Ice            98%        1d11      1%          3
c - Ozocubu's Armour      Ice            49%        N/A       1%          3
d - Hailstorm             Conj/Ice       65%        3d14      1%          4
e - Borgnjor's Vile Clut  Necr/Erth      24%        N/A       4%          5
f - Animate Dead          Necr           24%        N/A       1%          4
g - Confusing Touch       Hex            49%        N/A       1%          3
h - Poisonous Vapours     Pois/Air       98%        N/A       1%          2
i - Freeze                Ice            100%       1d11      1%          1
j - Summon Small Mammal   Summ           100%       N/A       1%          1
Your spell library was empty.

Dungeon Overview and Level Annotations

Branches:
Dungeon (10/15)            Temple (1/1) D:7            Lair (2/6) D:9
Ossuary (visited)          Bailey (visited)           IceCv (1/1)
  Swamp: Lair:2-4    Shoals: Lair:2-4     Snake: Lair:2-4    Spider: Lair:2-4
    Orc: D:9-12

Altars:
Ashenzari
Cheibriados
Dithmenos
Elyvilon
Fedhas
Gozag
Hepliaklqana
Kikubaaqudgha
Makhleb
Nemelex Xobeh
Okawaru
Qazlal
Ru
Sif Muna
Trog
Uskayaw
Vehumet
Wu Jian
Xom
Yredelemnul
Zin
The Shining One

Annotations:
D:7 Harold IceCv 1 transporter, exclusion: 2 ice statues


Innate Abilities, Weirdness & Mutations

Your life essence is reduced to manifest your ancestor. (-10% HP)
You are immune to sickness and miasma.
You are immune to poison.
Your flesh is very heat resistant. (rF++)
You are vulnerable to cold. (rC-)
You float through the air rather than walking.
You learn spells naturally, not from books.
Your magical power is your life essence.
You have superior vitality. (+4 HP)


Message History

Okay, then.
It was a potion of berserk rage.
A red film seems to cover your vision as you go berserk!
You feel yourself moving faster!
You feel mighty!
You start waiting.
You feel a strong urge to attack something.
You start waiting.
You feel your anger nearly subside.
You are no longer berserk.
You are exhausted.
You feel yourself slow down.
You start waiting.
You feel yourself speed up.
You feel more buoyant.
You feel more buoyant.
It was a potion of degeneration.
There was something very wrong with that liquid.
You feel weakened.
You feel dopey.
You feel clumsy.
It was a potion of ambrosia.
You are confused.
You feel invigorated.
You feel less invigorated.
You feel less confused.
You recover from your berserk rage.
It was a potion of attraction.
You feel attractive to monsters.
You start waiting.
The ice statue glitters chillingly in the dim dungeon light. x5
You feel less attractive to monsters.
Okay, then.
You enter the transporter and appear at another place.
The white ugly thing barely misses you. The ice statue gestures at you.
The bolt of cold hits you!!!
You feel a terrible chill!
Ouch! That really hurt!
* * * LOW HITPOINT WARNING * * *
As you read the scroll of summoning, it crumbles to dust.
Wisps of shadow whirl around you... The white ugly thing misses you.
The ice statue gestures at you. The bolt of cold hits you!!!
You feel a terrible chill!
You die...

##...........##
#.............#
#....8...8....#
#.............#
##....(.(....##
#.....©.(...#
##...8§8...##
###########
#8..@.Z8#
#8.R.u...8#
#8...Z..Z..8#
#.....$=$.....#
#©..8.(:).8..∩#
###############


You could see the friendly Jeannie the knight, 2 ice statues, a white ugly thing
(ally target), a friendly wolf simulacrum (summoned), a friendly polar bear
simulacrum (summoned) and a friendly harpy simulacrum (summoned).

Vanquished Creatures
  A hydra (Lair:1)
  3 two-headed ogres
  A skeletal warrior (D:9)
  A deep elf pyromancer (D:9)
  An ugly thing (D:9)
  3 orc knights (Bailey)
  A black mamba (Lair:1)
  A rime drake (Lair:2)
  Maggie (D:7)
  2 komodo dragons (Lair:1)
  Psyche (D:9)
  A troll (D:9)
  2 blink frogs (Lair:1)
  A wyvern (D:8)
  A shadow (D:10)
  18 yaks
  2 basilisks
  2 steam dragons
  2 death yak simulacra (IceCv)
  3 acid dragons
  6 water moccasins
  15 orc warriors
  2 black bears
  A necrophage (D:6)
  4 ogres
  3 centaurs
  2 kobold brigands
  4 bullfrogs
  A gnoll sergeant (D:10)
  3 scorpions
  6 killer bees
  6 wights (D:8)
  2 howler monkeys
  2 centaur zombies
  3 bullfrog zombies
  4 hounds
  6 orc priests
  2 jellies
  2 bullfrog skeletons
  A centaur skeleton (D:7)
  A gnoll shaman (D:8)
  4 iguanas
  7 orc wizards
  A polar bear simulacrum (IceCv)
  3 mummies
  18 gnolls
  A howler monkey skeleton (D:5)
  6 adders
  2 shadow imps
  3 white imps (D:7)
  An ufetubus (D:3)
  A worm zombie (D:5)
  An adder skeleton (D:4)
  2 worms
  3 dart slugs
  28 orcs
  6 ball pythons
  8 endoplasms
  5 giant cockroaches
  6 goblins
  8 hobgoblins
  2 jackals (D:1)
  6 quokkas
  4 bats
  2 frilled lizards (D:1)
  3 hobgoblin zombies
  6 kobolds
  An orc zombie (D:5)
  3 rats
  A rat zombie (D:5)
266 creatures vanquished.

Vanquished Creatures (collateral kills)
  2 hydras (Lair:1)
  A catoblepas (D:9)
  A deep elf pyromancer (D:9)
  An ugly thing (IceCv)
  A rime drake (Lair:2)
  2 komodo dragons (D:9)
  An entropy weaver simulacrum (IceCv)
  A troll (D:9)
  A blink frog (Lair:1)
  4 yaks
  A basilisk (D:9)
  A water moccasin (Lair:2)
  A centaur (D:9)
  2 bullfrogs (Lair:1)
  3 wights (D:8)
  5 centaur zombies
  An orc (D:9)
  A bat (D:2)
30 creatures vanquished.

Vanquished Creatures (others)
  2 ancestors (D:8)
  A butterfly (D:7)
  3 fungi (Lair:1)
  5 plants (Lair:1)
11 creatures vanquished.

Grand Total: 307 creatures vanquished

Notes
Turn   | Place    | Note
-------+----------+-------------------------------------------
     0 | D:1      | freelancePsychic the Djinni Ice Elementalist began the
                  | quest for the Orb.
     0 | D:1      | Reached XP level 1. HP: 15/15 MP: 0/0
   313 | D:1      | Reached XP level 2. HP: 14/22 MP: 0/0
   862 | D:1      | Reached skill level 1 in Fighting
  1499 | D:1      | Reached XP level 3. HP: 25/27 MP: 0/0
  1499 | D:1      | Learned a level 1 spell: Summon Small Mammal
  1550 | D:1      | Found a faded altar of an unknown god.
  2521 | D:3      | Reached XP level 4. HP: 29/33 MP: 0/0
  2928 | D:3      | Reached XP level 5. HP: 33/38 MP: 0/0
  2928 | D:3      | Learned a level 2 spell: Scorch
  3548 | D:3      | Found an opulent altar of Gozag.
  3887 | D:4      | Noticed an acid dragon
  3954 | D:4      | Reached XP level 6. HP: 40/45 MP: 0/0
  4124 | D:3      | Reached skill level 5 in Spellcasting
  4584 | D:3      | Reached XP level 7. HP: 23/51 MP: 0/0
  4584 | D:3      | Learned a level 2 spell: Poisonous Vapours
  5184 | D:4      | Noticed a steam dragon
  5192 | D:4      | HP: 2/52 [steam dragon (5)]
  5193 | D:4      | Killed a steam dragon
  5194 | D:4      | Reached XP level 8. HP: 34/58 MP: 0/0
  5658 | D:5      | Entered Level 5 of the Dungeon
  5658 | D:5      | Found a shadowy altar of Dithmenos.
  5767 | D:5      | Identified a scroll of acquirement
  5767 | D:5      | Acquired the ring "Xyirewum" {rElec EV+4 Dex+7}
  6007 | D:5      | Reached skill level 5 in Fighting
  6076 | D:5      | Found a sand-covered staircase.
  6093 | Ossuary  | Entered an ossuary
  7005 | D:6      | Found an iron altar of Okawaru.
  7339 | D:6      | Reached XP level 9. HP: 46/66 MP: 0/0
  7339 | D:6      | Learned a level 3 spell: Confusing Touch
  8412 | D:7      | Found a staircase to the Ecumenical Temple.
  8421 | Temple   | Entered the Ecumenical Temple
  8617 | Temple   | Became a worshipper of Hepliaklqana the Forgotten
  8834 | D:7      | Noticed Harold
  8900 | D:7      | Noticed Maggie
  8905 | D:7      | Killed Maggie
  9046 | D:7      | Found a white marble altar of Elyvilon.
  9452 | D:8      | Reached skill level 5 in Dodging
  9706 | D:8      | Reached XP level 10. HP: 57/73 MP: 0/0
 10625 | D:8      | Reached * piety under Hepliaklqana
 10743 | D:8      | Noticed a two-headed ogre
 10772 | D:8      | Killed a two-headed ogre
 11804 | D:9      | Noticed Psyche
 11810 | D:9      | Killed Psyche
 11891 | D:9      | Reached XP level 11. HP: 46/72 MP: 0/0
 11891 | D:9      | Learned a level 4 spell: Animate Dead
 12282 | D:9      | Reached ** piety under Hepliaklqana
 12283 | D:9      | Remembered your ancestor Jeannie as a knight
 12495 | D:9      | Reached skill level 1 in Invocations
 12557 | D:9      | Noticed a green ugly thing
 12557 | D:9      | Noticed a deep elf pyromancer
 12563 | D:9      | Noticed a deep elf pyromancer
 12565 | D:9      | Noticed a skeletal warrior
 12566 | D:9      | Killed a green ugly thing
 12570 | D:9      | Killed a deep elf pyromancer
 12575 | D:9      | Killed a skeletal warrior
 12577 | D:9      | Killed a deep elf pyromancer
 12923 | D:9      | Noticed a catoblepas
 12929 | D:9      | Killed a catoblepas
 13334 | D:9      | Found a staircase to the Lair.
 13661 | D:9      | Noticed a two-headed ogre
 13670 | D:9      | Killed a two-headed ogre
 13671 | D:9      | Reached skill level 10 in Spellcasting
 13984 | D:10     | Entered Level 10 of the Dungeon
 14002 | D:10     | Reached XP level 12. HP: 81/81 MP: 0/0
 14097 | D:10     | Acquired a +2 buckler of reflection
 14132 | D:10     | Noticed a two-headed ogre
 14210 | D:10     | Killed a two-headed ogre
 14211 | D:10     | Reached skill level 10 in Fighting
 14211 | D:10     | Reached skill level 1 in Shields
 14322 | D:10     | Found a flagged portal.
 14331 | Bailey   | Entered a bailey
 14348 | Bailey   | Reached skill level 10 in Dodging
 15450 | Lair:1   | Entered Level 1 of the Lair of Beasts
 16009 | Lair:1   | Noticed a five-headed hydra
 16020 | Lair:1   | Killed a five-headed hydra
 16188 | Lair:1   | Reached *** piety under Hepliaklqana
 16230 | Lair:1   | Noticed a five-headed hydra
 16237 | Lair:1   | Killed a five-headed hydra
 16238 | Lair:1   | Reached XP level 13. HP: 76/89 MP: 0/0
 16238 | Lair:1   | Learned a level 5 spell: Borgnjor's Vile Clutch
 16854 | Lair:1   | Noticed an eight-headed hydra
 16861 | Lair:1   | Killed an eight-headed hydra
 17283 | Lair:2   | Found a frozen archway.
 17352 | IceCv    | Entered an ice cave
 17522 | IceCv    | Found a transporter.
 17530 | IceCv    | Found a transporter.
 17596 | IceCv    | Killed from afar by an ice statue

Illustrated notes

Levels and vault maps discovered:
D:1:      minmay_arrival_widening_spiral_wide, layout_basic,
          dilly_ecumenical_altar_fadedgnrine
D:2:      layout_loops_ring
D:3:      layout_loops_ring, grunt_gozag_breadcrumbs
D:4:      layout_layer_cave
D:5:      layout_basic, grunt_dithmenos_smoke, enter_ossuary_3
D:6:      layout_basic, mainiacjoe_overflow_brackets
D:7:      layout_rooms, nicolae_elyvilon_peaceful_grove,
          minmay_temple_entry_antechambers, uniq_harold, uniq_maggie
D:8:      layout_loops_corners
D:9:      nzn_winding_woodlands_medium [nzn_winding_woodlands_5x5_default,
          nzn_winding_woodlands_5x15_sawtooth, nzn_winding_woodlands_5x5_three,
          nzn_winding_woodlands_5x5_open_star,
          nzn_winding_woodlands_center_triple_pond,
          nzn_winding_woodlands_5x5_closed_star,
          nzn_winding_woodlands_5x5_checkerboard,
          nzn_winding_woodlands_5x15_sidewinder,
          nzn_winding_woodlands_5x5_cross], layout_irregular_city,
          erik_lair_dragon, uniq_psyche
D:10:     wad_pebble_path, layout_irregular_city, enter_bailey_8
Temple:   eino_narrow_crystal_temple
Lair:1:   layout_cave_pods
Lair:2:   layout_misc_corridors, portal_ice_cave_rime,
          grunt_forest_stairs_basic, grunt_megastairs_2
IceCv:    ice_cave_statue_garden_transporter

Skill      XL: |  1  2  3  4  5  6  7  8  9 10 11 12 |
---------------+-------------------------------------+-----
Fighting       | 1 2 3 4 5 6 8 9 11 | 11.8
Spellcasting   | 4 5 6 7 8 9 10 | 10.9
Dodging        | 3 5 7 9 11 | 11.8
Invocations    | 4 |  4.1
Shields        | 4 |  4.0
Stealth        | |  1.5

Action                   |  1- 3 |  4- 6 |  7- 9 | 10-12 | 13-15 || total
-------------------------+-------+-------+-------+-------+-------++-------
Melee: Dagger            |     8 |     3 |     2 |     4 |       ||    17
       Staff             |       |       |       |    36 |       ||    36
 Cast: Freeze            |    49 |     8 |       |       |       ||    57
       Frozen Ramparts   |     1 |    14 |     8 |    15 |       ||    38
       Summon Small Mamm |     1 |     1 |       |       |       ||     2
       Scorch            |       |    39 |    82 |     4 |       ||   125
       Poisonous Vapours |       |       |    32 |    13 |       ||    45
       Hailstorm         |       |       |    48 |   148 |     8 ||   204
       Ozocubu's Armour  |       |       |       |     1 |       ||     1
       Animate Dead      |       |       |       |     1 |       ||     1
       Borgnjor's Vile C |       |       |       |       |    20 ||    20
Invok: Ancestor Identity |       |       |       |     1 |       ||     1
       Ancestor Life: Kn |       |       |       |     1 |       ||     1
       Recall Ancestor   |       |       |       |     1 |       ||     1
  Use: Scroll            |     1 |       |    10 |     6 |     6 ||    23
       Potion            |       |       |     5 |       |     6 ||    11
 Stab: Sleeping          |       |     1 |       |       |       ||     1
Armor: Robe              |    14 |     8 |    16 |       |       ||    38
       Acid dragon scale |       |       |     1 |    21 |     1 ||    23
Dodge: Dodged            |    27 |    38 |    63 |   104 |     9 ||   241
Block: Buckler           |       |       |       |    27 |     2 ||    29
       Reflection        |       |       |       |     4 |       ||     4

Table legend: (Time is in decaauts)
 A = Elapsed time spent in this place.
 B = Non-inter-level travel time spent in this place.
 C = Inter-level travel time spent in this place.
 D = Time resting spent in this place.
 E = Time spent auto-exploring this place.
 F = Levels seen in this place.
 G = Mean time per level.
                   A        B        C        D        E       F      G
               +--------+--------+--------+--------+--------+-----+--------+
         Total |  17607 |  16932 |    675 |   1759 |  12691 |  16 | 1100.4 |
       Dungeon |  14712 |  14078 |    634 |   1197 |  10829 |  10 | 1471.2 |
        Temple |    202 |    196 |      6 |      0 |    167 |   1 |  202.0 |
          Lair |   1902 |   1868 |     34 |     57 |   1607 |   2 |  951.0 |
       Ossuary |     44 |     44 |      0 |      0 |      0 |   1 |   44.0 |
        Bailey |    493 |    493 |      0 |    300 |     88 |   1 |  493.0 |
      Ice Cave |    252 |    252 |      0 |    205 |      0 |   1 |  252.0 |
               +--------+--------+--------+--------+--------+-----+--------+

Top non-repeatable levels by time:
     D:9: 2278 daAuts
     D:3: 2276 daAuts
     D:8: 1832 daAuts
  Lair:1: 1805 daAuts
     D:1: 1635 daAuts
     D:4: 1322 daAuts
     D:5: 1314 daAuts
     D:6: 1239 daAuts
     D:7: 1059 daAuts
    D:10: 909 daAuts
     D:2: 843 daAuts
  Bailey: 493 daAuts
   IceCv: 252 daAuts
  Temple: 202 daAuts
  Lair:2: 96 daAuts
